 Dungeon Crawl Stone Soup version 0.25.0-1-g7eea58d (webtiles) character file.

Game seed: 14455537637508309047

2084 Illumine the Slinger (level 9, -8/80 HPs)
             Began as a Minotaur Hunter on June 26, 2020.
             Was an Initiate of Okawaru.
             Mangled by a two-headed ogre
             ... wielding a +0 giant club
              (24 damage)
             ... on level 8 of the Dungeon.
             The game lasted 00:13:02 (6570 turns).

Illumine the Slinger (Minotaur Hunter)              Turns: 6570, Time: 00:13:03

Health: -8/80      AC: 18    Str: 25    XL:     9   Next: 6%
Magic:  8/8        EV: 10    Int:  8    God:    Okawaru [......]
Gold:   577        SH:  0    Dex: 12    Spells: 8/8 levels left

rFire    . . .     SeeInvis .   a - +1 hunting sling (flame)
rCold    . . .     Gourm    .   (no shield)
rNeg     . . .     Faith    .   G - +0 plate armour
rPois    .         Spirit   .   (helmet restricted)
rElec    .         Reflect  .   C - +0 cloak
rCorr    .         Harm     .   y - +2 pair of gloves "Apios" {Slay+2}
MR       +....                  q - +0 pair of boots
Stlth    ..........             (no amulet)
HPRegen  0.23/turn              k - +6 ring of strength
MPRegen  0.11/turn              A - ring of protection from magic

@: lethally poisoned (-8 -> -9)
A: retaliatory headbutt, horns 2
a: Renounce Religion


You were on level 8 of the Dungeon.
You worshipped Okawaru.
Okawaru was noncommittal.
You were very hungry.

You visited 2 branches of the dungeon, and saw 9 of its levels.
You also visited: Ossuary.

You collected 577 gold pieces.

Inventory:

Hand Weapons
 a - a +1 hunting sling of flaming (weapon)
 b - a +1 vampiric dagger
 g - a +0 short sword
 E - a +2 flail of holy wrath
Missiles
 d - 64 sling bullets (quivered)
 e - 226 stones
 i - 61 poisoned darts
Armour
 q - a +0 pair of boots (worn)
 w - a +1 pair of gloves
 y - the +2 pair of gloves "Apios" (worn) {Slay+2}
   (You found it on level 8 of the Dungeon)

   It affects your accuracy and damage with ranged weapons and melee attacks
   (+2).
 C - a +0 cloak (worn)
 G - a +0 plate armour (worn)
Jewellery
 k - a +6 ring of strength (left hand)
 n - an uncursed ring of protection from magic
 A - a ring of protection from magic (right hand)
Wands
 K - a wand of acid (6)
Scrolls
 r - 3 scrolls of magic mapping
 s - 4 scrolls of fear {unknown}
 t - 3 scrolls of remove curse {unknown}
 v - 2 scrolls of fog {unknown}
 z - a scroll of immolation {unknown}
 B - 3 scrolls of teleportation
 F - 2 scrolls of identify
 H - a scroll of blinking {unknown}
 I - a scroll of enchant armour
Potions
 c - 2 potions of curing
 h - a potion of lignification
 j - 2 potions of magic
 l - 2 potions of haste
 m - 5 potions of heal wounds
 o - a potion of invisibility {unknown}
 p - 2 potions of mutation {unknown}
 u - a potion of might {unknown}
 x - 3 potions of stabbing {unknown}
 D - 2 potions of resistance {unknown}
 J - 2 potions of cancellation {unknown}
 L - a potion of flight {unknown}
Comestibles
 f - 8 rations


   Skills:
 + Level 7.6 Fighting
 + Level 8.1 Slings
 + Level 6.4 Armour
 + Level 6.9 Dodging
 - Level 0.7 Stealth
 + Level 0.0 Invocations


You had 8 spell levels left.
You didn't know any spells.
Your spell library contained the following spells:

 Spells                   Type           Power        Failure   Level  Hunger
 Beastly Appendage        Tmut           #.....       99%         1    ##.....
 Magic Dart               Conj           #...         99%         1    ##.....
 Blink                    Tloc           N/A          100%        2    ###....
 Call Imp                 Summ           #.......     100%        2    ###....
 Searing Ray              Conj           #.....       100%        2    ###....
 Slow                     Hex            #.......     100%        2    ###....
 Sticks to Snakes         Tmut           #.......     100%        2    ###....
 Conjure Flame            Conj/Fire      #.......     100%        3    ####...
 Dazzling Flash           Conj/Hex       #.....       100%        3    ####...
 Mephitic Cloud           Conj/Pois/Air  #.......     100%        3    ####...
 Spider Form              Tmut/Pois      #.........   100%        3    ####...
 Fulminant Prism          Conj/Hex       #.........   100%        4    #####..
 Ice Form                 Ice/Tmut       #.......     100%        4    #####..
 Iskenderun's Mystic Bla  Conj/Tloc      #.......     100%        4    #####..
 Blade Hands              Tmut           #.........   100%        5    ######.


Dungeon Overview and Level Annotations

Branches:
Dungeon (8/15)             Temple (1/1) D:7         Ossuary (visited)
   Lair: D:8-11

Altars:
Dithmenos
Elyvilon
Fedhas
Gozag
Hepliaklqana
Kikubaaqudgha
Makhleb
Nemelex Xobeh
Okawaru
Trog
Vehumet
Wu Jian
Xom
Yredelemnul
Zin
The Shining One

Shops:
D:4 (


Innate Abilities, Weirdness & Mutations

You reflexively headbutt those who attack you in melee.
You have a pair of horns on your head.


Message History

Aim: a two-headed ogre, wielding two +0 giant clubs (severely wounded)
You shoot a sling bullet.
The sling bullet hits the two-headed ogre!
The sling bullet burns the two-headed ogre.
The two-headed ogre is almost dead.
The two-headed ogre closely misses you.
The two-headed ogre hits you with a cursed +0 giant club!
* * * LOW HITPOINT WARNING * * *
You feel sick.
Firing (i - inventory. (/) - cycle)
d - 65 sling bullets (quivered)
Press: ? - help, Shift-Dir - straight line, f/p - two-headed ogre
Aim: a two-headed ogre, wielding two +0 giant clubs (almost dead)
You shoot a sling bullet.
The sling bullet completely misses the two-headed ogre.
The sling bullet closely misses the gnoll sergeant.
The sling bullet hits the gnoll!
The sling bullet burns the gnoll!
You kill the gnoll!
Okawaru accepts your kill.
The two-headed ogre hits you with a +0 giant club!!
You die...

#...# #g# #.# #g#
####### #(# #.....#
#(# ########.###.#
#(# #<.......# #.#
###.###############.#
#(...(.g(.gO@.......#
#####################


You could see a two-headed ogre, a gnoll sergeant and a gnoll.

Vanquished Creatures
  Sigmund (D:3)
  A hungry ghost (D:7)
  Menkaure (D:6)
  An ice beast (D:6)
  A sky beast (D:7)
  3 ogres
  2 phantoms
  A centaur (D:7)
  A bullfrog (D:6)
  2 howler monkeys
  A crimson imp (D:7)
  A bullfrog zombie (D:7)
  2 hounds
  An orc wizard (D:5)
  A bullfrog skeleton (D:7)
  A centaur skeleton (D:4)
  Jessica (D:2)
  Terence (D:3)
  An iguana (D:7)
  9 worker ants
  9 mummies
  A howler monkey zombie (D:5)
  A worker ant zombie (D:5)
  Robin (D:2)
  6 adders
  2 gnolls (D:8)
  A shadow imp (D:6)
  2 oozes
  4 worms
  4 leopard geckos
  12 orcs
  3 bats
  A giant cockroach (D:5)
  8 hobgoblins
  4 jackals
  4 quokkas
  3 ball pythons
  6 frilled lizards
  3 gnoll zombies (Ossuary)
  9 goblins
  A hobgoblin zombie (Ossuary)
  13 kobolds
  2 kobold zombies (Ossuary)
  2 orc zombies (Ossuary)
  A quokka zombie (D:5)
  10 rats
146 creatures vanquished.

Notes
Turn   | Place    | Note
-------+----------+-------------------------------------------
     0 | D:1      | Illumine the Minotaur Hunter began the quest for the Orb.
     0 | D:1      | Reached XP level 1. HP: 18/18 MP: 0/0
   490 | D:1      | Reached XP level 2. HP: 25/25 MP: 1/1
  1094 | D:2      | Reached XP level 3. HP: 31/31 MP: 2/2
  1207 | D:2      | Reached skill level 5 in Slings
  1234 | D:2      | Found a sparkling altar of Nemelex Xobeh.
  1461 | D:2      | Noticed Jessica
  1472 | D:2      | Killed Jessica
  1472 | D:2      | Reached XP level 4. HP: 38/40 MP: 3/3
  1526 | D:2      | Noticed Robin
  1545 | D:2      | Killed Robin
  1971 | D:3      | Noticed Sigmund
  1978 | D:3      | Killed Sigmund
  1978 | D:3      | Reached skill level 1 in Armour
  1978 | D:3      | Reached XP level 5. HP: 34/47 MP: 4/4
  1978 | D:3      | Reached XP level 6. HP: 39/53 MP: 5/5
  2460 | D:3      | Found a burning altar of Makhleb.
  2518 | D:3      | Noticed Terence
  2525 | D:3      | Killed Terence
  2671 | D:3      | You fall into a shaft and drop 2 floors!
  2671 | D:5      | Entered Level 5 of the Dungeon
  2687 | D:4      | Reached skill level 6 in Slings
  2718 | D:4      | Found Fuhir's Weapon Boutique.
  2752 | D:4      | Reached skill level 5 in Fighting
  2769 | D:4      | Reached XP level 7. HP: 47/61 MP: 6/6
  2805 | D:4      | Found a sand-covered staircase.
  2888 | Ossuary  | Entered an ossuary
  3011 | Ossuary  | Reached skill level 5 in Dodging
  4973 | D:6      | Found a white marble altar of Elyvilon.
  4973 | D:6      | Found a basalt altar of Yredelemnul.
  4977 | D:6      | Found a blossoming altar of Fedhas.
  4981 | D:6      | Noticed Menkaure
  4987 | D:6      | Reached XP level 8. HP: 70/70 MP: 7/7
  4989 | D:6      | Killed Menkaure
  4989 | D:6      | Reached skill level 7 in Slings
  5078 | D:6      | Reached skill level 5 in Armour
  5442 | D:6      | Found a glowing silver altar of Zin.
  5811 | D:7      | Reached skill level 8 in Slings
  5914 | D:7      | Reached XP level 9. HP: 79/79 MP: 8/8
  6150 | D:7      | Found an ancient bone altar of Kikubaaqudgha.
  6401 | D:7      | Found a staircase to the Ecumenical Temple.
  6407 | Temple   | Entered the Ecumenical Temple
  6411 | Temple   | Became a worshipper of Warmaster Okawaru
  6521 | D:8      | Got a pair of masterwork gloves
  6532 | D:8      | Identified the +2 pair of gloves "Apios" {Slay+2} (You
                  | found it on level 8 of the Dungeon)
  6542 | D:8      | Noticed a two-headed ogre
  6570 | D:8      | Mangled by a two-headed ogre

Illustrated notes

Levels and vault maps discovered:
D:1:      dpeg_arrival_triangle_fractal, layout_basic
D:2:      layout_rooms, nemelex_xobeh_ov_fountains_minmay,
          hangedman_decor_growths, uniq_robin, uniq_jessica
D:3:      layout_loops_ring, makhleb_blood_cavern_becter, uniq_terence,
          uniq_sigmund
D:4:      layout_basic, serial_shops, shop_fountains, gup_ossuary_entry_pyramid
D:5:      layout_layer_cave, first_ration
D:6:      layout_gridville, kennysheep_mini,
          chequers_temple_overflow_statue_of_worship, uniq_menkaure
D:7:      layout_gridville, kennysheep_mini_moat, minmay_temple_entry_fiery
D:8:      layout_basic, erik_lair_orcish_takeover, grunt_livestock
Temple:   nicolae_temple_x_marks_the_god

Skill      XL: |  1  2  3  4  5  6  7  8 |
---------------+-------------------------+-----
Fighting       | 3 4 5 6 7 |  7.6
Dodging        | 3 4 5 6 |  6.9
Slings         | 5 6 8 |  8.1
Armour         | 1 3 4 6 |  6.4
Stealth        | |  0.7

Action                   |  1- 3 |  4- 6 |  7- 9 || total
-------------------------+-------+-------+-------++-------
Melee: Dagger            |    75 |    59 |   123 ||   257
       Headbutt          |    12 |    11 |    35 ||    58
 Fire: Hunting sling     |    49 |    55 |   177 ||   281
  Use: Scroll            |       |     5 |     4 ||     9
  Eat: Chunk             |     2 |     4 |    10 ||    16
Armor: Leather armour    |    15 |     9 |       ||    24
       Scale mail        |       |    11 |    60 ||    71
       Plate armour      |       |       |     4 ||     4
Dodge: Dodged            |    44 |    36 |    80 ||   160
